 Dungeon Crawl Stone Soup version 0.30-a0-1112-gfb780f5df6 (webtiles) character file.

Game seed: 9681447884962391727

102 retardedninja the Firebug (level 4, 0/32 HPs)
             Began as a Gnoll Fire Elementalist on Apr 19, 2023.
             Slain by an orc
             ... wielding a +0 dagger of venom
              (3 damage)
             ... on level 2 of the Dungeon.
             The game lasted 00:06:01 (2247 turns).

retardedninja the Firebug (Gnoll Fire Elementalist) Turns: 2247, Time: 00:06:01

Health: 0/32       AC:  3    Str:  5 (7)  XL:     4   Next: 77%
Magic:  1/11       EV: 13    Int: 14 (16) God:
Gold:   58         SH:  0    Dex: 10 (13) Spells: 10/13 levels left

rFire   . . .      SeeInvis .    s - +0 whip
rCold   . . .      Faith    .    (no shield)
rNeg    . . .      Spirit   .    a - +0 robe
rPois   .          Reflect  .    p - +0 helmet
rElec   .          Rampage  .    (no cloak)
rCorr   .                        (no gloves)
Will    .....                    (no boots)
Stlth   ++                       o - amulet of regeneration
HPRegen 1.05/turn                q - ring of flight
MPRegen 0.12/turn                (no ring)

@: brilliant, lethally poisoned (0 -> -1), attractive, flying, invisible
A: fangs 1, strong nose, distributed training
a: no special abilities


You were on level 2 of the Dungeon.
You visited 1 branch of the dungeon, and saw 3 of its levels.

You collected 58 gold pieces.

Inventory:

Hand Weapons
 s - a +0 whip (weapon)
Armour
 a - a +0 robe (worn)
 p - a +0 helmet (worn)
Jewellery
 o - an amulet of regeneration (around neck)
 q - a ring of flight (left hand)
Wands
 l - a wand of polymorph (10)
Scrolls
 c - a scroll of vulnerability {unknown}
 e - 3 scrolls of noise {unknown}
 f - a scroll of amnesia {unknown}
 g - 3 scrolls of blinking {unknown}
 i - 2 scrolls of identify {unknown}
 j - a scroll of enchant armour {unknown}
Potions
 k - a potion of brilliance
 m - a potion of berserk rage {unknown}


   Skills:
 + Level 1.3 Fighting
 + Level 1.3 Short Blades
 + Level 1.3 Long Blades
 + Level 1.3 Axes
 + Level 1.3 Maces & Flails
 + Level 1.3 Polearms
 + Level 1.3 Staves
 + Level 1.3 Ranged Weapons
 + Level 1.3 Throwing
 + Level 1.3 Armour
 + Level 4.7 Dodging
 + Level 4.3 Stealth
 + Level 1.3 Shields
 + Level 1.3 Unarmed Combat
 + Level 5.1 Spellcasting
 + Level 2.3 Conjurations
 + Level 1.0 Hexes
 + Level 1.0 Summonings
 + Level 1.0 Necromancy
 + Level 1.0 Translocations
 + Level 1.0 Transmutations
 + Level 5.5 Fire Magic
 + Level 1.0 Ice Magic
 + Level 1.0 Air Magic
 + Level 1.0 Earth Magic
 + Level 1.0 Poison Magic
 + Level 1.4 Invocations
 + Level 1.3 Evocations


You had 10 spell levels left.
You knew the following spells:

 Your Spells              Type           Power      Damage    Failure   Level
a - Foxfire               Conj/Fire      84%        2x1d8     3%          1
b - Scorch                Fire           56%        2d7       2%          2

Your spell library contained the following spells:

 Spells                   Type           Power      Damage    Failure   Level
 Inner Flame              Hex/Fire       19%        N/A       13%         3
 Volatile Blastmotes      Fire/Tloc      38%        2d13      13%         3
 Flame Wave               Conj/Fire      21%        2d8       34%         4


Dungeon Overview and Level Annotations

Branches:
Dungeon (3/15)

Altars:

Annotations:
D:3 1 runed translucent door, Crazy Yiuf


Innate Abilities, Weirdness & Mutations

You have very sharp teeth.
Your uncanny sense of smell can sniff out nearby items.
Your experience applies equally to all skills.


Message History

You conjure some foxfire!
You feel sick. The orc hits you but does no damage.
You feel sick.
The foxfire hits the orc.
The orc is moderately wounded.
The foxfire hits the orc but does no damage.
The orc is moderately wounded.
The orc hits you with a +0 dagger of venom.
You are more poisoned.
You feel very sick. The orc closely misses you.
You don't have enough magic to cast this spell.
The orc attacks as you move away!
The orc hits you with a +0 dagger of venom.
You are more poisoned.
You feel very sick.
You feel very sick.
You feel very sick.
You feel sick. The orc hits you but does no damage.
You are more poisoned.
The orc attacks as you move away! The orc closely misses you.
* * * LOW HITPOINT WARNING * * *
You feel very sick.
It was a potion of brilliance.
You feel clever all of a sudden.
* * * LOW HITPOINT WARNING * * *
You feel very sick. The orc misses you.
It was a potion of attraction.
You feel attractive to monsters.
* * * LOW HITPOINT WARNING * * *
You feel very sick. The orc closely misses you.
It was a potion of invisibility.
You fade into invisibility!
You feel sick. The orc closely misses you.
It was a potion of degeneration.
There was something very wrong with that liquid.
You feel weakened.
You feel dopey.
You feel clumsy.
You feel sick.
The orc hits you with a +0 dagger of venom.
You die...

######.######.....~.~.#.####
#..# ####..~⌠........ ##.##
###...~~....###
#..#####..............
#######...##..........#..##
#.....÷...#...........##.#
#.....÷......(........##.##
#...÷.....#..>.............
#........o@...........###..
#........####..............
#........# #..........###.
#........# #..............
#........# #.........#####
########## #.........#
##.......## ##.....##
#######


You could see an orc (unable to see you).

Vanquished Creatures
  Robin (D:2)
  An adder (D:2)
  A worm (D:2)
  7 orcs (D:3)
  4 endoplasms
  2 giant cockroaches
  9 goblins
  9 hobgoblins
  8 jackals
  4 quokkas
  6 ball pythons
  4 bats
  3 kobolds (D:2)
  3 rats
62 creatures vanquished.

Vanquished Creatures (others)
  174 foxfires
  4 toadstools (D:1)
178 creatures vanquished.

Grand Total: 240 creatures vanquished

Notes
Turn   | Place    | Note
-------+----------+-------------------------------------------
     0 | D:1      | retardedninja the Gnoll Fire Elementalist began the quest
                  | for the Orb.
     0 | D:1      | Reached XP level 1. HP: 13/13 MP: 6/6
   174 | D:1      | Found a faded altar of an unknown god.
   289 | D:1      | Reached XP level 2. HP: 19/19 MP: 5/7
   937 | D:2      | Reached skill level 5 in Spellcasting
   937 | D:2      | Reached XP level 3. HP: 25/25 MP: 3/9
  1064 | D:2      | Reached skill level 1 in Invocations
  1335 | D:2      | Reached skill level 1 in Fighting
  1335 | D:2      | Reached skill level 1 in Short Blades
  1335 | D:2      | Reached skill level 1 in Long Blades
  1335 | D:2      | Reached skill level 1 in Axes
  1335 | D:2      | Reached skill level 1 in Maces & Flails
  1335 | D:2      | Reached skill level 1 in Polearms
  1335 | D:2      | Reached skill level 1 in Staves
  1335 | D:2      | Reached skill level 1 in Ranged Weapons
  1335 | D:2      | Reached skill level 1 in Throwing
  1335 | D:2      | Reached skill level 1 in Armour
  1335 | D:2      | Reached skill level 1 in Shields
  1335 | D:2      | Reached skill level 1 in Unarmed Combat
  1335 | D:2      | Reached skill level 1 in Evocations
  1350 | D:2      | Noticed Robin
  1360 | D:2      | Killed Robin
  1361 | D:2      | Reached XP level 4. HP: 26/32 MP: 1/11
  1783 | D:2      | Reached skill level 1 in Hexes
  1783 | D:2      | Reached skill level 1 in Summonings
  1783 | D:2      | Reached skill level 1 in Necromancy
  1783 | D:2      | Reached skill level 1 in Translocations
  1783 | D:2      | Reached skill level 1 in Transmutations
  1783 | D:2      | Reached skill level 1 in Ice Magic
  1783 | D:2      | Reached skill level 1 in Air Magic
  1783 | D:2      | Reached skill level 1 in Earth Magic
  1783 | D:2      | Reached skill level 1 in Poison Magic
  1971 | D:3      | Found a runed translucent door.
  1972 | D:3      | Noticed Crazy Yiuf
  2071 | D:3      | Learned a level 2 spell: Scorch
  2247 | D:2      | Slain by an orc

Illustrated notes

Levels and vault maps discovered:
D:1:      ldierk_walled_garden_2, layout_loops_ring,
          ebering_ecumenical_altar_abandoned
D:2:      layout_rooms, corexii_leaking_fountain, uniq_robin
D:3:      layout_basic, worldfamousw_hep_ancestral_shrine,
          uniq_crazy_yiuf_cottage

Skill      XL: |  1  2  3  4 |
---------------+-------------+-----
Conjurations   | 2 |  2.3
Spellcasting   | 5 |  5.1
Invocations    | 1 |  1.4
Fighting       | 1 |  1.3
Short Blades   | 1 |  1.3
Long Blades    | 1 |  1.3
Axes           | 1 |  1.3
Maces & Flails | 1 |  1.3
Polearms       | 1 |  1.3
Staves         | 1 |  1.3
Ranged Weapons | 1 |  1.3
Throwing       | 1 |  1.3
Armour         | 1 |  1.3
Shields        | 1 |  1.3
Unarmed Combat | 1 |  1.3
Evocations     | 1 |  1.3
Hexes          | 1 |  1.0
Summonings     | 1 |  1.0
Necromancy     | 1 |  1.0
Translocations | 1 |  1.0
Transmutations | 1 |  1.0
Ice Magic      | 1 |  1.0
Air Magic      | 1 |  1.0
Earth Magic    | 1 |  1.0
Poison Magic   | 1 |  1.0
Dodging        | |  4.7
Stealth        | |  4.3
Fire Magic     | |  5.5

Action                     |  1- 3 |  4- 6 || total
---------------------------+-------+-------++-------
  Melee: Unarmed           |    13 |     4 ||    17
         Bite              |     1 |       ||     1
   Cast: Foxfire           |    72 |    32 ||   104
         Scorch            |       |    16 ||    16
    Use: Potion            |       |     5 ||     5
 Armour: Robe              |     8 |    13 ||    21
  Dodge: Dodged            |    30 |    57 ||    87

Table legend: (Time is in decaauts)
 A = Elapsed time spent in this place.
 B = Non-inter-level travel time spent in this place.
 C = Inter-level travel time spent in this place.
 D = Time resting spent in this place.
 E = Time spent auto-exploring this place.
 F = Levels seen in this place.
 G = Mean time per level.
                   A        B        C        D        E       F      G
               +--------+--------+--------+--------+--------+-----+--------+
         Total |   2248 |   2222 |     26 |    195 |   1575 |   3 |  749.3 |
       Dungeon |   2248 |   2222 |     26 |    195 |   1575 |   3 |  749.3 |
               +--------+--------+--------+--------+--------+-----+--------+

Top non-repeatable levels by time:
     D:2: 966 daAuts
     D:1: 924 daAuts
     D:3: 357 daAuts
